 Dungeon Crawl Stone Soup version 0.31.0-1-g2c135a008e (webtiles) character file.

Game seed: 12060145503573865377

763 qw the Shooter (level 8, -12/58 HPs)
             Began as a Djinni Hunter on Jan 24, 2024.
             Was a Follower of Okawaru.
             Mangled by Pikel
             ... wielding a +0 whip of electrocution
              (20 damage)
             ... on level 5 of the Dungeon.
             The game lasted 00:00:19 (3421 turns).

qw the Shooter (Djinni Hunter)                      Turns: 3421, Time: 00:00:20

Health: -12/58     AC:  0    Str: 10    XL:     8   Next: 8%
Gold:   162        EV: 16    Int: 11    God:    Okawaru [*.....] SH:  0 Dex: 19

rFire   . . .        a - melded +0 shortbow (freeze)
rCold   . . .        (shield currently unavailable)
rNeg    . . .        d - melded +0 ring mail
rPois   inf          (helmet currently unavailable)
rElec   .            (cloak currently unavailable)
rCorr   .            (gloves currently unavailable)
SInv    .            (boots unavailable)
Will    .....        (no amulet)
Stlth   ++           (ring currently unavailable)
HPRegen 0.29/turn    (ring currently unavailable)
MPRegen 0.00/turn

%: infuse magic (-13 HP)
@: pig-form, flying, very quick
A: fast, flying, no casting, sickness immunity, small, (fire resistance 2),
(cold vulnerability 1), float, innate caster, HP casting, extra vitality 1
a: Renounce Religion, Heroism


You were on level 5 of the Dungeon.
You worshipped Okawaru.
Okawaru was aware of your devotion.
You were a filthy swine.
You visited 1 branch of the dungeon, and saw 5 of its levels.

You collected 162 gold pieces.


Innate Abilities, Weirdness & Mutations

You are a filthy swine.
You move quickly.
You are flying.
Your equipment is almost entirely melded.
You are incapable of wielding weapons or throwing items.
You cannot cast spells.
You are immune to sickness and miasma.
You are immune to poison.
((Your flesh is very heat resistant. (rF++)))
((You are vulnerable to cold. (rC-)))
You float through the air rather than walking.
You learn spells naturally, not from books.
Your magical power is your life essence.
You have superior vitality. (+4 MHP)


   Skills:
 - Level 4.0 Fighting
 + Level 6.2 Ranged Weapons
 - Level 1.0 Armour
 - Level 4.0 Dodging
 - Level 0.7 Stealth
 + Level 2.4 Invocations


You knew the following spells:

 Your Spells              Type           Power      Damage    Failure   Level
a - Shock                 Conj/Air       0%         1d3       34%         1
b - Momentum Strike       Conj/Tloc      0%         3d8       47%         2
c - Fugue of the Fallen   Necr           0%         N/A       71%         3
Your spell library was empty.

Inventory:

Hand Weapons
 a - a +0 shortbow of freezing (melded)
Armour
 d - a +0 ring mail (melded)
 l - a +0 pair of gloves
Wands
 o - a wand of digging (4)
Scrolls
 e - a scroll of enchant armour
 m - a scroll of immolation {unknown}
Potions
 b - a potion of resistance
 c - a potion of enlightenment
 f - a potion of haste
 g - a potion of degeneration {unknown}
 h - 3 potions of curing
 i - a potion of berserk rage {unknown}
 j - a potion of might
 k - a potion of magic {unknown}
 n - 2 potions of heal wounds {unknown}

Dungeon Overview and Level Annotations

Branches:
Dungeon (5/15)             Temple (0/1) D:5

Altars:
Okawaru
Xom
Lugonu

Shops:
D:3 :

Portals:
Abyss: D:3

Annotations:
D:5 Blork the orc, Pikel, Sigmund


Message History

Pikel is moderately wounded.
A gnoll comes into view. It is wielding a +0 halberd.
A gnoll comes into view. It is wielding a +0 whip.
You shoot an arrow. The arrow barely misses Pikel.
The gnoll shouts!
The arrow hits the lemure but does no damage.
The lemure is heavily wounded.
Pikel hits you with a +0 whip of electrocution!
You are electrocuted!!
The gnoll closely misses you.
You shoot an arrow.
The arrow hits Pikel but does no damage.
Pikel is moderately wounded.
The gnoll closely misses you.
Pikel zaps a wand.
You turn into a filthy swine.
Your +0 shortbow of freezing melds into your body.
Your +0 ring mail melds into your body.
Your +0 shortbow of freezing stops glowing.
3417 ||| FLEEEEING.
You hit Pikel but do no damage.
Pikel is moderately wounded.
The gnoll misses you. Pikel misses you.
Blork the orc comes into view.
He is wielding a +0 glaive.
3418 ||| FLEEEEING.
You miss Pikel.
Pikel is lightly wounded.
You feel like a meek peon again. The gnoll barely misses you.
Pikel hits you with a +0 whip of electrocution.
An orc wizard comes into view. It is wielding a +0 dagger.
3419 ||| FLEEEEING.
You closely miss Pikel.
Pikel is lightly wounded.
The orc wizard shouts!
You hear a shout!
3420 ||| FLEEEEING.
You barely miss Pikel.
Pikel is lightly wounded.
The gnoll hits you from afar with a +0 halberd.
Pikel hits you with a +0 whip of electrocution.
3421 ||| FLEEEEING.
You closely miss Pikel.
Pikel is lightly wounded.
The gnoll closely misses you.
Pikel hits you with a +0 whip of electrocution!
You are electrocuted!!
You die...
Pikel says, "See you in Hell!"

#### ##### #..# #.#.###
#... ##.....####...
#.....##...... #####
##............. ##...#
#...........##.
#....######..<....#..##.
#.....#h###.###...#..##.
#....g#K#...##....).##..
##....g5g...##......#...
##...{.g5..####.....##...
#.........o# .......##..
##....o..........#.......
###...................##
..............# ..#
...........##..# ..


You could see Pikel, Blork the orc, 2 lemures, a gnoll bouda, an orc wizard and
2 gnolls.

Vanquished Creatures
  An ogre (D:4)
  A lemure (D:5)
  A scorpion (D:5)
  A howler monkey (D:5)
  2 bombardier beetles
  A hound (D:4)
  A jelly (D:5)
  3 orc priests
  2 iguanas (D:4)
  2 orc wizards (D:5)
  4 gnolls
  10 adders
  A ribbon worm (D:2)
  5 dart slugs
  14 orcs
  5 ball pythons
  11 endoplasms
  4 giant cockroaches
  9 goblins
  12 hobgoblins
  4 jackals (D:3)
  3 quokkas
  3 bats
  4 frilled lizards
  9 kobolds
  9 rats
122 creatures vanquished.

Vanquished Creatures (others)
  2 lurking horrors (D:3)
2 creatures vanquished.

Grand Total: 124 creatures vanquished

Notes
Turn   | Place    | Note
-------+----------+-------------------------------------------
     0 | D:1      | qw the Djinni Hunter began the quest for the Orb.
     0 | D:1      | Reached XP level 1. HP: 18/18 MP: 0/0
     0 | D:1      | 0 ||| qw: Version: 0.3-a-136-gdd3b4e8
     0 | D:1      | 0 ||| qw: Game counter: 1396
     0 | D:1      | 0 ||| qw: Melee chars always use a shield: true
     0 | D:1      | 0 ||| qw: God list: Okawaru
     0 | D:1      | 0 ||| qw: Allow faded altars: false
     0 | D:1      | 0 ||| qw: Do Orc after clearing Dungeon:15 true
     0 | D:1      | 0 ||| qw: Do second Lair branch before Depths: true
     0 | D:1      | 0 ||| qw: Lair rune preference: random
     0 | D:1      | 0 ||| qw: Goals: Normal
     0 | D:1      | 0 ||| PLANNING D:1-11
   167 | D:1      | Reached XP level 2. HP: 23/23 MP: 0/0
   215 | D:1      | Found a faded altar of an unknown god.
   302 | D:1      | Reached skill level 4 in Ranged Weapons
   302 | D:1      | Reached XP level 3. HP: 27/28 MP: 0/0
   302 | D:1      | Learned a level 1 spell: Shock
   612 | D:1      | 612 ||| UPGRADING to +0 ring mail.
   622 | D:1      | 622 ||| DROPPING +0 leather armour.
   623 | D:1      | 623 ||| READING 2 scrolls labelled SIXONO ASOT.
   623 | D:1      | 623 ||| ENCHANTING +0 shortbow.
   624 | D:1      | 624 ||| READING scroll labelled YPEQUQY QOMIS.
   624 | D:1      | 624 ||| BRANDING +0 shortbow.
   625 | D:1      | 625 ||| READING scroll labelled WUYG TEFRI.
   626 | D:1      | 626 ||| DRINKING 2 metallic yellow potions.
   627 | D:1      | 627 ||| DROPPING scroll of butterflies.
   669 | D:2      | Reached XP level 4. HP: 34/34 MP: 0/0
   736 | D:2      | Reached skill level 1 in Armour
   847 | D:2      | Reached skill level 3 in Fighting
   979 | D:2      | 979 ||| READING scroll labelled BURAFI YRPHEI.
   979 | D:2      | 979 ||| IDENTIFYING yellow potion
  1003 | D:3      | Found a corrupted altar of Lugonu.
  1006 | D:3      | 1006 ||| STAIRDANCE
  1033 | D:3      | 1033 ||| STAIRDANCE
  1137 | D:3      | 1137 ||| STAIRDANCE
  1248 | D:3      | Reached XP level 5. HP: 16/40 MP: 0/0
  1248 | D:3      | Learned a level 2 spell: Momentum Strike
  1263 | D:3      | 1263 ||| STAIRDANCE
  1343 | D:3      | Found a one-way gate to the infinite horrors of the Abyss.
  1518 | D:3      | Found an iron altar of Okawaru.
  1519 | D:3      | 1519 ||| PLANNING OKAWARU WORSHIP
  1526 | D:3      | Became a worshipper of Warmaster Okawaru
  1527 | D:3      | 1527 ||| PLANNING D:1-11
  1765 | D:3      | Found Peifamm's Book Boutique.
  2008 | D:3      | 2008 ||| READING scroll of identify.
  2008 | D:3      | 2008 ||| IDENTIFYING fuming silvery potion
  2009 | D:3      | 2009 ||| READING scroll labelled TIMMOSHR PIMUPLIA.
  2010 | D:3      | 2010 ||| READING scroll labelled ROCZIT CE FACU.
  2111 | D:3      | 2111 ||| DRINKING 4 fuming blue potions.
  2160 | D:4      | Noticed an ogre
  2167 | D:4      | Killed an ogre
  2168 | D:4      | Reached skill level 5 in Ranged Weapons
  2168 | D:4      | Reached XP level 6. HP: 33/46 MP: 0/0
  2260 | D:4      | Reached skill level 3 in Dodging
  2337 | D:4      | Found a shimmering altar of Xom.
  2415 | D:4      | 2415 ||| FLEEEEING.
  2432 | D:4      | 2432 ||| FLEEEEING.
  2433 | D:4      | 2433 ||| FLEEEEING.
  2434 | D:4      | 2434 ||| FLEEEEING.
  2435 | D:4      | 2435 ||| FLEEEEING.
  2436 | D:4      | 2436 ||| FLEEEEING.
  2444 | D:4      | 2444 ||| FLEEEEING.
  2445 | D:4      | 2445 ||| FLEEEEING.
  2446 | D:4      | 2446 ||| FLEEEEING.
  2447 | D:4      | 2447 ||| FLEEEEING.
  2448 | D:4      | 2448 ||| FLEEEEING.
  2449 | D:4      | 2449 ||| FLEEEEING.
  2450 | D:4      | 2450 ||| FLEEEEING.
  2451 | D:4      | 2451 ||| FLEEEEING.
  2452 | D:4      | 2452 ||| FLEEEEING.
  2453 | D:4      | 2453 ||| FLEEEEING.
  2454 | D:4      | 2454 ||| FLEEEEING.
  2455 | D:4      | 2455 ||| FLEEEEING.
  2456 | D:4      | 2456 ||| FLEEEEING.
  2457 | D:4      | 2457 ||| FLEEEEING.
  2464 | D:4      | Reached XP level 7. HP: 44/51 MP: 0/0
  2464 | D:4      | Learned a level 3 spell: Fugue of the Fallen
  2803 | D:4      | 2803 ||| READING scroll labelled MUZXIY XAOM.
  2904 | D:4      | 2904 ||| READING scroll labelled IPRUQI GADGH.
  2905 | D:4      | 2905 ||| READING scroll labelled PICWEPNIYXI.
  2906 | D:4      | 2906 ||| READING scroll labelled KOSAUVO BUASK.
  2907 | D:4      | 2907 ||| DRINKING 2 fizzy blue potions.
  2915 | D:5      | Entered Level 5 of the Dungeon
  2916 | D:5      | Found a staircase to the Ecumenical Temple.
  2972 | D:5      | Reached * piety under Okawaru
  2973 | D:5      | Reached skill level 6 in Ranged Weapons
  3006 | D:5      | Reached skill level 1 in Invocations
  3121 | D:5      | 3121 ||| FLEEEEING.
  3122 | D:5      | 3122 ||| FLEEEEING.
  3124 | D:5      | 3124 ||| FLEEEEING.
  3125 | D:5      | 3125 ||| FLEEEEING.
  3134 | D:5      | 3134 ||| FLEEEEING.
  3149 | D:5      | 3149 ||| FLEEEEING.
  3150 | D:5      | 3150 ||| FLEEEEING.
  3151 | D:5      | 3151 ||| FLEEEEING.
  3152 | D:5      | 3152 ||| FLEEEEING.
  3153 | D:5      | 3153 ||| STAIRDANCE
  3322 | D:5      | Reached XP level 8. HP: 51/58 MP: 0/0
  3394 | D:5      | Noticed Pikel
  3397 | D:5      | 3397 ||| RETREEEEATING.
  3397 | D:5      | Noticed Sigmund
  3398 | D:5      | 3398 ||| RETREEEEATING.
  3399 | D:5      | 3399 ||| RETREEEEATING.
  3400 | D:5      | 3400 ||| RETREEEEATING.
  3401 | D:5      | 3401 ||| RETREEEEATING.
  3402 | D:5      | 3402 ||| RETREEEEATING.
  3403 | D:5      | 3403 ||| RETREEEEATING.
  3404 | D:5      | 3404 ||| INVOKING Heroism.
  3417 | D:5      | 3417 ||| FLEEEEING.
  3417 | D:5      | Noticed Blork the orc
  3418 | D:5      | 3418 ||| FLEEEEING.
  3419 | D:5      | 3419 ||| FLEEEEING.
  3420 | D:5      | 3420 ||| FLEEEEING.
  3421 | D:5      | 3421 ||| FLEEEEING.
  3421 | D:5      | HP: 8/58 [Pikel/+0 whip of electrocution (12)]
  3421 | D:5      | Mangled by Pikel

Levels and vault maps discovered:
D:1:      tarquinn_simple_flora_water_e, layout_basic,
          hellmonk_ecumenical_altar_pennies_from_heaven
D:2:      layout_basic
D:3:      layout_loops_cross, mainiacjoe_overflow_surrounded_room, serial_shops,
          shop, minmay_misc_feat_five, amcnicky_altar_lugonu_corruption
D:4:      layout_rooms, kennysheep_mini
D:5:      layout_cave_pools, mainiacjoe_overflow_catwalk,
          grunt_ashenzari_visionary [grunt_ashenzari_visionary_swamp,
          grunt_ashenzari_visionary_spider], minmay_temple_entry_mist,
          uniq_blork_the_orc, uniq_pikel, uniq_sigmund

Skill      XL: |  1  2  3  4  5  6  7 |
---------------+----------------------+-----
Ranged Weapons | 4 5 6 |  6.2
Armour         | 1 |  1.0
Fighting       | 3 4 |  4.0
Dodging        | 3 4 |  4.0
Invocations    | 2 |  2.4
Stealth        | |  0.7

Action                     |  1- 3 |  4- 6 |  7- 9 || total
---------------------------+-------+-------+-------++-------
  Melee: Unarmed           |       |       |     5 ||     5
   Fire: Shortbow          |    99 |   172 |   116 ||   387
 Invoke: Heroism           |       |       |     1 ||     1
    Use: Scroll            |     3 |     4 |     4 ||    11
         Potion            |     1 |     1 |     1 ||     3
 Armour: Leather armour    |    13 |       |       ||    13
         Ring mail         |       |    57 |    41 ||    98
         Skin              |       |       |     4 ||     4
  Dodge: Dodged            |    12 |    55 |    30 ||    97

Table legend:
 A = Non-vault XP
 B = Vault XP
 C = Vault XP percentage of total XP
 D = Non-vault monster count
 E = Vault monster count
 F = Vault count percentage of total count
                 A         B        C        D         E       F
            +---------+---------+-------+---------+---------+-------
      Total |    1090 |       0 |   0.0 |     121 |       0 |   0.0
            +---------+---------+-------+---------+---------+-------
        D:1 |      63 |       0 |   0.0 |      32 |       0 |   0.0
        D:2 |      64 |       0 |   0.0 |      22 |       0 |   0.0
        D:3 |     112 |       0 |   0.0 |      27 |       0 |   0.0
        D:4 |     352 |       0 |   0.0 |      17 |       0 |   0.0
        D:5 |     499 |       0 |   0.0 |      23 |       0 |   0.0
            +---------+---------+-------+---------+---------+-------
